 Dungeon Crawl Stone Soup version 0.28-a0-305-g9e858e973b (webtiles) character file.

Game seed: 7333155070983283707

4678 bearlyready the Carver (level 10, -1/80 HPs)
             Began as a Formicid Cinder Acolyte on Aug 29, 2021.
             Was a High Priest of Ignis.
             Slain by a hornet (4 damage)
             ... on level 7 of the Dungeon.
             The game lasted 00:20:24 (11987 turns).

bearlyready the Carver (Formicid Cinder Acolyte)   Turns: 11987, Time: 00:20:25

Health: -1/80      AC:  8    Str: 24    XL:     10   Next: 72%
Magic:  16/16      EV: 14    Int: 18    God:    Ignis [*****.]
Gold:   344        SH:  9    Dex: 10    Spells: 16/17 levels left

rFire   + . .      SeeInvis +   t - +2 dagger (venom)
rCold   . . .      Faith    .   e - +0 kite shield
rNeg    . . .      Spirit   .   E - +1 robe "Uqiugusch" {Dex+4}
rPois   .          Reflect  .   (helmet unavailable)
rElec   .          Harm     .   d - +2 cloak
rCorr   .          Rampage  .   J - +0 pair of gloves
Will    +....                   R - +0 pair of boots
Stlth   +.........              (no amulet)
HPRegen 0.23/turn               F - +6 ring of intelligence
MPRegen 0.15/turn               s - +4 ring of evasion

@: no status effects
A: permanent stasis, dig shafts and tunnels, antennae 3, four strong arms
a: Dig, Shaft Self, Renounce Religion, Sea of Fire, Foxfire Swarm, Rising Flame


You were on level 7 of the Dungeon.
You worshipped Ignis.
Ignis was extremely pleased with you.
You visited 1 branch of the dungeon, and saw 9 of its levels.
You also visited: Sewer.

You collected 404 gold pieces.
You spent 60 gold pieces at shops.

Inventory:

Hand Weapons
 a - a -1 falchion of flaming
 t - a +2 dagger of venom (weapon)
 H - a +0 hunting sling of freezing
 T - a +0 long sword
 Z - a +4 short sword of protection
Missiles
 g - 328 stones
 i - 3 atropa-tipped darts
 x - 46 poisoned darts
 M - 45 sling bullets
 N - 5 silver javelins
 Y - a curare-tipped dart
Armour
 d - a +2 cloak (worn)
 e - a +0 kite shield (worn)
 y - a +0 plate armour
 D - a +0 ring mail
 E - the +1 robe "Uqiugusch" (worn) {Dex+4}
   (You found it on level 6 of the Dungeon)

   Dex:       It affects your dexterity (+4).
 J - a +0 pair of gloves (worn)
 R - a +0 pair of boots (worn)
 V - a +0 scale mail
Jewellery
 b - a ring of flight
 s - a +4 ring of evasion (right hand)
 F - a +6 ring of intelligence (left hand)
 I - a +6 ring of strength
 K - a ring of protection from cold
 L - a ring of resist corrosion
 U - a ring of protection from cold
Wands
 G - a wand of flame (11)
 O - a wand of charming (12)
 S - a wand of digging (4)
 X - a wand of iceblast (6)
Scrolls
 f - 3 scrolls of noise {unknown}
 h - a scroll of fog
 j - 5 scrolls of teleportation
 o - 2 scrolls of vulnerability
 P - a scroll of amnesia {unknown}
 Q - a scroll of torment {unknown}
Potions
 c - a potion of berserk rage
 k - a potion of ambrosia {unknown}
 l - 4 potions of haste
 m - 4 potions of heal wounds
 n - a potion of degeneration {unknown}
 p - 3 potions of resistance {unknown}
 q - 2 potions of lignification {unknown}
 r - 4 potions of curing
 v - a potion of cancellation {unknown}
 w - 2 potions of mutation
 z - 2 potions of brilliance {unknown}
 A - 3 potions of might {unknown}
 B - a potion of invisibility {unknown}
 C - 2 potions of magic {unknown}
 W - a potion of flight {unknown}


   Skills:
 + Level 8.0 Fighting
 + Level 8.1 Long Blades
 + Level 5.9 Shields
 - Level 4.2 Spellcasting
 - Level 4.3 Conjurations
 - Level 5.0 Fire Magic
 + Level 5.8 Evocations


You had 16 spell levels left.
You knew the following spells:

 Your Spells              Type           Power      Damage    Failure   Level
a - Foxfire               Conj/Fire      80%        2x1d8     4%          1

Your spell library contained the following spells:

 Spells                   Type           Power      Damage    Failure   Level
 Summon Guardian Golem    Hex/Summ       3%         N/A       63%         3
 Orb of Destruction       Conj           9%         9d4       100%        7
 Spellforged Servitor     Conj/Summ      5%         N/A       100%        7


Dungeon Overview and Level Annotations

Branches:
Dungeon (9/15)             Temple (0/1) D:4           Sewer (visited)
   Lair: D:8-11         Orc: D:9-12

Altars:
Kikubaaqudgha
Sif Muna
Vehumet

Shops:
D:2 =   D:3 !

Annotations:
D:5 exclusion: statue


Innate Abilities, Weirdness & Mutations

You cannot be hasted, slowed, berserked, paralysed or teleported.
You can dig through walls and to a lower floor.
You have a pair of large antennae on your head. (SInv)
Your four strong arms can wield two-handed weapons with a shield.


Message History

Done exploring.
There is an escape hatch in the ceiling here.
A mysterious force pulls you upwards. The hatch slams shut behind you.
The acid dragon roars!
The ogre shouts!
The six-headed hydra roars!
The kobold brigand shouts!
The six-headed hydra bites you!
You block the six-headed hydra's attack.
The six-headed hydra bites you! The six-headed hydra bites you.
The six-headed hydra bites you! x2
You block the six-headed hydra's attack.
The six-headed hydra bites you.
The six-headed hydra bites you but does no damage.
You block the six-headed hydra's attack.
The six-headed hydra barely misses you.
You block the six-headed hydra's attack.
The six-headed hydra barely misses you. The six-headed hydra bites you.
The six-headed hydra bites you but does no damage.
The six-headed hydra barely misses you.
The six-headed hydra closely misses you. x2
Found 17 gold pieces.
Okay, then.
Okay, then.
A hornet comes into view.
The hornet buzzes angrily.
The kobold brigand throws a curare-tipped dart.
You block the curare-tipped dart.
Are you sure you want to shaft yourself?
You block the six-headed hydra's attack.
The six-headed hydra bites you.
* * * LOW HITPOINT WARNING * * *
The six-headed hydra bites you!
* * * LOW HITPOINT WARNING * * *
The six-headed hydra barely misses you. The six-headed hydra bites you.
* * * LOW HITPOINT WARNING * * *
The six-headed hydra bites you but does no damage.
You block the hornet's attack.
You hear a shout!
You begin to dig a shaft.
You continue digging a shaft.
The hornet stings you.
You die...

#..# {{ {
####### #...
#..# { { #...
#..# #... #..#
{ { #... #..#
#...
#..#.###+###.#
{ {#...
#..#....{.D..#
#.## #..#
##K#### #...
#..# #ODD@.#
#...
#..#....###y#
#... #..#.##.
c# #... #..#
$. .. #...
#..# ##{ #..
#.## #..# ..
.#. #.#. #..#
#$ .#.. #...
#..# .# ..
#... #..# #...


You could see 2 six-headed hydras, a hornet, a kobold brigand, an ogre and a
centaur.

Vanquished Creatures
  A wyvern (D:9)
  Eustachio (D:6)
  4 vampire mosquitoes (D:8)
  2 water moccasins (D:6)
  2 orc warriors
  A hornet zombie (D:8)
  A sky beast (D:8)
  2 black bears (D:5)
  2 necrophages (D:8)
  2 ogres
  7 centaurs
  A phantom (D:5)
  7 kobold brigands
  Blork the orc (D:6)
  2 scorpions (D:5)
  A wyvern zombie (D:9)
  A wight (D:9)
  7 killer bees
  2 howler monkeys
  2 electric eels (D:6)
  5 centaur zombies
  3 jellies
  2 hounds (D:5)
  A gnoll shaman (D:8)
  3 bullfrog skeletons
  A centaur skeleton (D:6)
  2 iguanas
  Natasha (D:4)
  An orc wizard (D:8)
  A hound zombie (D:5)
  Robin (D:3)
  2 howler monkey zombies
  5 gnolls
  11 adders
  3 river rats (Sewer)
  2 worms (D:2)
  4 dart slugs
  6 orcs
  7 endoplasms
  A giant cockroach (D:1)
  23 goblins
  11 hobgoblins
  8 jackals
  31 kobolds
  3 quokkas
  11 ball pythons
  2 bats
  3 frilled lizards (D:2)
  30 rats
233 creatures vanquished.

Vanquished Creatures (collateral kills)
  3 foxfires (D:6)
3 creatures vanquished.

Vanquished Creatures (others)
  579 foxfires
  19 plants
598 creatures vanquished.

Grand Total: 834 creatures vanquished

Notes
Turn   | Place    | Note
-------+----------+-------------------------------------------
     0 | D:1      | bearlyready the Formicid Cinder Acolyte began the quest for
                  | the Orb.
     0 | D:1      | Reached XP level 1. HP: 18/18 MP: 2/2
   154 | D:1      | Reached XP level 2. HP: 22/24 MP: 3/3
   518 | D:1      | Reached XP level 3. HP: 18/29 MP: 0/4
   662 | D:1      | Reached skill level 1 in Conjurations
  1584 | D:2      | Reached XP level 4. HP: 22/35 MP: 5/5
  1789 | D:2      | Found Bozxaucsi's Jewellery Emporium.
  2021 | D:2      | Found a faded altar of an unknown god.
  2562 | D:3      | Reached XP level 5. HP: 29/41 MP: 2/6
  2783 | D:3      | Found Etil's Distillery.
  2791 | D:3      | Bought a potion of curing for 30 gold pieces
  2791 | D:3      | Bought a potion of curing for 30 gold pieces
  3306 | D:3      | Noticed Robin
  3314 | D:3      | Killed Robin
  3672 | D:4      | Noticed an ogre
  3672 | D:4      | Found a staircase to the Ecumenical Temple.
  3675 | D:4      | Killed an ogre
  3676 | D:4      | Reached XP level 6. HP: 37/47 MP: 7/7
  3739 | D:4      | Noticed Natasha
  3748 | D:4      | Killed Natasha
  3797 | D:4      | Found a glowing drain.
  3810 | Sewer    | Entered a sewer
  4325 | Sewer    | Reached XP level 7. HP: 43/52 MP: 2/9
  4589 | Sewer    | Reached skill level 5 in Long Blades
  4935 | D:4      | You fall into a shaft and drop 2 floors!
  5251 | D:6      | Identified the +1 robe "Uqiugusch" {Dex+4}
  5297 | D:6      | Found an ancient bone altar of Kikubaaqudgha.
  5405 | D:6      | Found a shimmering blue altar of Sif Muna.
  5521 | D:6      | Reached XP level 8. HP: 37/60 MP: 7/11
  6026 | D:6      | Noticed Blork the orc
  6057 | D:6      | Killed Blork the orc
  6323 | D:6      | Noticed Eustachio
  6336 | D:5      | Entered Level 5 of the Dungeon
  6359 | D:5      | Reached skill level 5 in Fighting
  6523 | D:5      | Reached skill level 5 in Fire Magic
  6598 | D:5      | Found a radiant altar of Vehumet.
  6750 | D:5      | Reached XP level 9. HP: 54/68 MP: 14/14
  6823 | D:5      | Reached skill level 1 in Evocations
  7195 | D:5      | Reached skill level 1 in Shields
  7876 | D:6      | Killed Eustachio
  8860 | D:7      | Noticed a white ugly thing
  8864 | D:7      | You fall into a shaft and drop 1 floor!
  9554 | D:8      | Reached XP level 10. HP: 77/77 MP: 9/16
 10490 | D:8      | Reached skill level 5 in Evocations
 10497 | D:8      | Reached skill level 5 in Shields
 11983 | D:7      | Noticed a six-headed hydra
 11983 | D:7      | Noticed a six-headed hydra
 11986 | D:7      | HP: 3/80 [six-headed hydra (6)]
 11987 | D:7      | Slain by a hornet

Illustrated notes

Levels and vault maps discovered:
D:1:      sevenhm_arrival_forest_fort_small_4, layout_loops_ring,
          item_on_display_a
D:2:      layout_basic, serial_shops, shop,
          hellmonk_ecumenical_altar_inner_sanctum
D:3:      layout_loops_cross, serial_shops, shop, uniq_robin
D:4:      wad_lake_hut, layout_rooms, minmay_temple_entry_drinking_statues,
          portal_sewer_entry_a, uniq_natasha
D:5:      layout_gridville, vehumet_statue, kennysheep_generic_room_15
D:6:      layout_layer_cave, mainiacjoe_overflow_catch_the_wave,
          serial_bayou_lagoon_a, uniq_blork_the_orc, uniq_eustachio
D:7:      layout_gridville, minmay_the_grid_2x2 [minmay_the_grid_slots,
          minmay_the_grid_zigzag_pyramid, minmay_the_grid_small_cups,
          minmay_the_grid_prize_shrinking_boxes]
D:8:      layout_basic
D:9:      minmay_recursive_quarters, layout_small_grid

Skill      XL: |  1  2  3  4  5  6  7  8  9 10 |
---------------+-------------------------------+-----
Conjurations   | 1 2 3 4 |  4.3
Fire Magic     | 2 3 4 5 |  5.0
Long Blades    | 4 5 6 7 8 |  8.1
Spellcasting   | 2 3 4 |  4.2
Fighting       | 4 5 6 8 |  8.0
Evocations     | 4 5 |  5.8
Shields        | 3 5 |  5.9

Action                   |  1- 3 |  4- 6 |  7- 9 | 10-12 || total
-------------------------+-------+-------+-------+-------++-------
Melee: Falchion          |    99 |    90 |       |       ||   189
       Dagger            |       |   115 |   162 |   113 ||   390
       Long sword        |       |       |       |    34 ||    34
 Cast: Foxfire           |    22 |    49 |   168 |    77 ||   316
Invok: Foxfire Swarm     |       |     1 |       |       ||     1
 Abil: Dig               |     2 |     3 |     8 |     6 ||    19
       Shaft Self        |       |       |     2 |     1 ||     3
Evoke: Wand              |       |       |       |     5 ||     5
  Use: Scroll            |       |     2 |     3 |     1 ||     6
       Potion            |       |       |     2 |     1 ||     3
 Stab: Paralysed         |       |       |       |     3 ||     3
Armor: Robe              |    25 |   102 |   100 |    51 ||   278
Dodge: Dodged            |    53 |   138 |   187 |   132 ||   510
Block: Kite shield       |       |       |    69 |   114 ||   183

Table legend: (Time is in decaauts)
 A = Elapsed time spent in this place.
 B = Non-inter-level travel time spent in this place.
 C = Inter-level travel time spent in this place.
 D = Time resting spent in this place.
 E = Time spent auto-exploring this place.
 F = Levels seen in this place.
 G = Mean time per level.
                   A        B        C        D        E       F      G
               +--------+--------+--------+--------+--------+-----+--------+
         Total |  12014 |  11747 |    267 |    930 |   8584 |  10 | 1201.4 |
       Dungeon |  10970 |  10703 |    267 |    930 |   7775 |   9 | 1218.9 |
         Sewer |   1044 |   1044 |      0 |      0 |    809 |   1 | 1044.0 |
               +--------+--------+--------+--------+--------+-----+--------+

Top non-repeatable levels by time:
     D:6: 2050 daAuts
     D:8: 1784 daAuts
     D:1: 1377 daAuts
     D:5: 1376 daAuts
     D:9: 1333 daAuts
     D:3: 1272 daAuts
   Sewer: 1044 daAuts
     D:2: 1036 daAuts
     D:7: 511 daAuts
     D:4: 226 daAuts
